 Dungeon Crawl Stone Soup version 0.29-a0-284-gf9362112df (webtiles) character file.

Game seed: 3124436268806999303

9139 siradein the Fighter (level 11, -12/93 (97) HPs)
             Began as a Grey Draconian Fighter on Mar 25, 2022.
             Was a Priest of Ru.
             Mangled by a white ugly thing (20 damage)
             ... on level 9 of the Dungeon.
             The game lasted 00:39:07 (15966 turns).

siradein the Fighter (Grey Draconian Fighter)      Turns: 15966, Time: 00:39:08

HP:   -12/93 (97)   AC: 14    Str: 18    XL:     11   Next: 19%
MP:   11/11         EV: 15    Int: 14    God:    Ru [***...]
Gold: 108           SH: 11    Dex: 14    Spells: 10/10 levels left

rFire   . . .      SeeInvis .   a - +3 scimitar (flame)
rCold   . . .      Faith    .   w - +0 buckler
rNeg    + . .      Spirit   .   (body armour unavailable)
rPois   .          Reflect  +   (helmet restricted)
rElec   .          Harm     .   f - scarf {shadows}
rCorr   .          Rampage  .   h - +0 pair of gloves
Will    +....                   D - +0 pair of boots
Stlth   +.........              O - amulet of Kindness {Reflect Will+ Int+4 Slay-2 SH+5}
HPRegen 0.25/turn               c - ring of positive energy
MPRegen 0.12/turn               (no ring)

@: exhausted, slowed, lightly drained, very slow
A: AC +12, amphibious, unfitting armour, cold-blooded, hated by all, no fire
magic, no necromancy magic, no transmutations magic, sense surroundings 1
a: Renounce Religion, Draw Out Power


You were on level 9 of the Dungeon.
You worshipped Ru.
Ru was most pleased with you.
You visited 2 branches of the dungeon, and saw 11 of its levels.
You also visited: Sewer and Ossuary.

You collected 661 gold pieces.
You spent 553 gold pieces at shops.

Inventory:

Hand Weapons
 a - a +3 scimitar of flaming (weapon)
 b - the +1 spear of the Fifty Priests {venom, Dex+2}
   (You found it on level 2 of the Dungeon)

   It poisons the flesh of those it strikes.
   Dex:       It affects your dexterity (+2).
Missiles
 q - 2 atropa-tipped darts
 s - 2 throwing nets
 y - 13 poisoned darts (quivered)
Armour
 f - a scarf of shadows (worn)
 h - a +0 pair of gloves (worn)
 w - a +0 buckler (worn)
 D - a +0 pair of boots (worn)
Jewellery
 c - a ring of positive energy (left hand)
 N - a ring of wizardry
 O - the amulet of Kindness (around neck) {Reflect Will+ Int+4 Slay-2 SH+5}
   (You bought it in a shop on level 9 of the Dungeon)

   [amulet of reflection]

   It reflects blocked missile attacks.
   Int:       It affects your intelligence (+4).
   Slay:      It affects your accuracy & damage with ranged weapons and melee
   (-2).
   SH:        It affects your SH (+5).
   Will:      It increases your willpower.
Wands
 n - a wand of mindburst (21)
 I - a wand of digging (1)
 K - a wand of flame (8)
Scrolls
 d - a scroll of silence
 g - 6 scrolls of teleportation
 k - 2 scrolls of blinking
 l - 4 scrolls of immolation
 o - 4 scrolls of enchant weapon
 p - 3 scrolls of amnesia {unknown}
 r - a scroll of fog {unknown}
 v - 2 scrolls of magic mapping {unknown}
 F - 2 scrolls of enchant armour
 G - 2 scrolls of brand weapon
 J - 2 scrolls of fear {unknown}
 L - a scroll of vulnerability
Potions
 e - 3 potions of magic
 i - 2 potions of cancellation
 j - 2 potions of mutation
 m - a potion of curing
 t - 2 potions of lignification
 u - 2 potions of brilliance
 x - 2 potions of berserk rage {unknown}
 z - 4 potions of heal wounds
 A - 5 potions of flight {unknown}
 B - 2 potions of haste {unknown}
 C - a potion of invisibility
 E - 2 potions of attraction {unknown}
 H - a potion of resistance {unknown}


   Skills:
 + Level 9.6 Fighting
 + Level 8.4 Long Blades
 + Level 8.0 Dodging
 + Level 8.8 Shields
 + Level 6.4 Evocations


You had 10 spell levels left.
You didn't know any spells.
Your spell library contained the following spells:

 Spells                   Type           Power      Damage    Failure   Level
 Magic Dart               Conj           0%         1d3       34%         1
 Poisonous Vapours        Pois/Air       0%         N/A       47%         2
 Searing Ray              Conj           0%         2d4       47%         2
 Dazzling Flash           Conj/Hex       0%         N/A       71%         3
 Ozocubu's Armour         Ice            0%         N/A       71%         3
 Fulminant Prism          Conj/Hex       0%         3d6       98%         4
 Metabolic Englaciation   Hex/Ice        0%         N/A       100%        5
 Silence                  Hex/Air        0%         N/A       100%        5
 Animate Skeleton         Necr           Unusable   N/A       N/A         1
 Pain                     Necr           Unusable   1d4       N/A         1
 Corpse Rot               Necr/Air       Unusable   N/A       N/A         2
 Vampiric Draining        Necr           Unusable   2d6       N/A         3
 Animate Dead             Necr           Unusable   N/A       N/A         4
 Agony                    Necr           Unusable   N/A       N/A         5
 Borgnjor's Vile Clutch   Necr/Erth      Unusable   N/A       N/A         5
 Death Channel            Necr           Unusable   N/A       N/A         6
 Simulacrum               Ice/Necr       Unusable   N/A       N/A         6

Dungeon Overview and Level Annotations

Branches:
Dungeon (10/15)            Temple (1/1) D:5            Lair (0/6) D:10
  Sewer (visited)         Ossuary (visited)
    Orc: D:9-12

Altars:
Ashenzari
Cheibriados
Dithmenos
Elyvilon
Fedhas
Gozag
Hepliaklqana
Kikubaaqudgha
Makhleb
Nemelex Xobeh
Okawaru
Qazlal
Ru
Sif Muna
Trog
Uskayaw
Vehumet
Wu Jian
Xom
Yredelemnul
Zin
The Shining One

Shops:
D:9 *


Innate Abilities, Weirdness & Mutations

Your dull iron-grey scales are very hard. (AC +12)
You are amphibious.
You cannot fit into any form of body armour.
You are cold-blooded and may be slowed by cold attacks.
You are hated by all.
You cannot study or cast Fire magic.
You cannot study or cast Necromancy magic.
You cannot study or cast Transmutations magic.
You passively map a small area around you.


Message History

The white ugly thing closely misses you.
You climb upwards.
There is a stone staircase leading down here.
You slash the white ugly thing! You burn the white ugly thing.
Your tail-slap misses the white ugly thing.
The white ugly thing is moderately wounded.
The white ugly thing headbutts you. The white ugly thing freezes you!
You feel yourself slow down.
You slash the white ugly thing! You burn the white ugly thing.
The white ugly thing is heavily wounded.
The white ugly thing headbutts you but does no damage.
The white ugly thing misses you.
You slash the white ugly thing! You burn the white ugly thing.
The white ugly thing is severely wounded.
You feel yourself speed up. The white ugly thing headbutts you!
The white ugly thing freezes you!!
You closely miss the white ugly thing.
The white ugly thing is severely wounded.
The white ugly thing headbutts you! The white ugly thing freezes you!!
You feel yourself slow down.
* * * LOW HITPOINT WARNING * * *
You are too injured to fight recklessly!
You are too injured to fight recklessly!
You barely miss the white ugly thing.
You tail-slap the white ugly thing, but do no damage.
The white ugly thing is severely wounded.
The white ugly thing is stunned by your conviction and fails to attack.
You block the white ugly thing's attack.
You are restored by drawing out deep reserves of power within.
You feel drained. The white ugly thing headbutts you.
The white ugly thing freezes you!!
You feel yourself slow down.
* * * LOW HITPOINT WARNING * * *
You hit the white ugly thing. You burn the white ugly thing.
You tail-slap the white ugly thing.
The white ugly thing is severely wounded.
The white ugly thing headbutts you but does no damage.
The white ugly thing headbutts you.
* * * LOW HITPOINT WARNING * * *
The white ugly thing freezes you!!
You die...

.#.......# #.....#_#....#
.#.......# #.....###....#
##.......###########...........##
...............................#
...........#'#.................#
..........##.#.................#
.........##..######............#
........##........######.......#
........)...♣..u@.# #.).....#
........##.....[..# #.......#
.........##..###### #.....###
...####...##[# #.....#
####..#....#'## #.....#
......#.......##########.....#
......'......................#
......#.................)....####
......#.......#######...).)......


You could see a white ugly thing.

Vanquished Creatures
  Erica (D:10)
  A death yak (D:9)
  A troll (D:9)
  Prince Ribbit (D:6)
  A wyvern (D:9)
  23 yaks
  A wraith (D:10)
  A water moccasin (D:8)
  An acid dragon (D:10)
  3 ice beasts
  3 orc warriors
  Pargi (Sewer)
  3 ogres
  A centaur (D:8)
  2 phantoms
  2 elf zombies (Ossuary)
  3 kobold brigands
  A necrophage (D:3)
  3 bullfrogs
  8 wights
  15 killer bees
  5 howler monkeys
  A centaur zombie (Ossuary)
  A gnoll shaman (D:8)
  4 orc priests
  2 hounds
  A human zombie (Ossuary)
  10 orc wizards
  4 iguanas
  2 mummies (Ossuary)
  9 gnolls
  7 adders
  A white imp (D:5)
  2 adder zombies (Ossuary)
  A worm (D:3)
  35 orcs
  9 endoplasms
  8 giant cockroaches
  3 hobgoblins
  4 jackals (D:1)
  22 kobolds
  8 quokkas
  5 ball pythons
  3 bats
  10 frilled lizards
  10 goblins
  2 goblin zombies (Ossuary)
  7 hobgoblin zombies (Ossuary)
  A jackal zombie (Ossuary)
  9 kobold zombies (Ossuary)
  10 orc zombies (Ossuary)
  7 rats
  A rat zombie (Ossuary)
280 creatures vanquished.

Vanquished Creatures (others)
  An orc (D:7)
1 creature vanquished.

Grand Total: 281 creatures vanquished

Notes
Turn   | Place    | Note
-------+----------+-------------------------------------------
     0 | D:1      | siradein the Draconian Fighter began the quest for the Orb.
     0 | D:1      | Reached XP level 1. HP: 19/19 MP: 1/1
   112 | D:1      | Reached XP level 2. HP: 24/26 MP: 2/2
   679 | D:1      | Reached XP level 3. HP: 33/33 MP: 3/3
   688 | D:1      | Found a faded altar of an unknown god.
  1811 | D:2      | Identified the +1 spear of the Fifty Priests {venom, Dex+2}
  1928 | D:2      | Reached XP level 4. HP: 33/40 MP: 4/4
  2328 | D:3      | Noticed an ogre
  2338 | D:3      | Killed an ogre
  2339 | D:3      | Reached skill level 4 in Fighting
  2339 | D:3      | Reached XP level 5. HP: 33/46 MP: 5/5
  2624 | D:3      | Found a glowing drain.
  2654 | Sewer    | Entered a sewer
  2742 | Sewer    | Noticed Pargi
  2757 | Sewer    | Killed Pargi
  2758 | Sewer    | Reached XP level 6. HP: 48/53 MP: 6/6
  2879 | D:3      | You fall into a shaft and drop 2 floors!
  2879 | D:5      | Entered Level 5 of the Dungeon
  3404 | D:3      | Reached skill level 5 in Fighting
  3736 | D:3      | Your scales start taking on a dull iron-grey colour.
  3736 | D:3      | Reached XP level 7. HP: 46/61 MP: 7/7
  4195 | D:4      | Reached skill level 5 in Shields
  4463 | D:3      | Gained mutation: You passively map a small area around you.
                  | [potion of mutation]
  5350 | D:5      | Reached skill level 5 in Dodging
  5637 | D:5      | Found a staircase to the Ecumenical Temple.
  5650 | Temple   | Entered the Ecumenical Temple
  5713 | Temple   | Became a worshipper of Ru the Awakened
  6162 | D:6      | Reached skill level 6 in Fighting
  6187 | D:6      | Reached skill level 5 in Long Blades
  6187 | D:6      | Reached XP level 8. HP: 69/70 MP: 8/8
  6717 | D:6      | Reached skill level 1 in Evocations
  8139 | D:6      | Noticed Prince Ribbit
  8154 | D:6      | Killed Prince Ribbit
  8326 | D:6      | Gained mutation: You cannot study or cast Fire magic. [Ru
                  | sacrifice]
  8326 | D:6      | Gained mutation: You cannot study or cast Transmutations
                  | magic. [Ru sacrifice]
  8326 | D:6      | Gained mutation: You cannot study or cast Necromancy magic.
                  | [Ru sacrifice]
  8326 | D:6      | Reached * piety under Ru
  8405 | D:7      | Reached skill level 7 in Fighting
  8690 | D:7      | Reached XP level 9. HP: 73/79 MP: 9/9
  9087 | D:7      | HP: 1/73 [wight/+0 scimitar (10)]
 11177 | D:8      | Found a sand-covered staircase.
 11182 | Ossuary  | Entered an ossuary
 11758 | D:8      | Gained mutation: You are hated by all. [Ru sacrifice]
 11758 | D:8      | Reached ** piety under Ru
 11758 | D:8      | Reached *** piety under Ru
 12296 | D:9      | Noticed a troll
 12309 | D:9      | Killed a troll
 12310 | D:9      | Reached skill level 8 in Fighting
 12484 | D:9      | Reached XP level 10. HP: 47/88 MP: 10/10
 12688 | D:9      | Found a broken altar of Ashenzari.
 13183 | D:9      | Reached skill level 5 in Evocations
 13728 | D:9      | Found Xuabul's General Store.
 13735 | D:9      | Bought the amulet of Kindness {Reflect Will+ Int+4 Slay-2
                  | SH+5} for 553 gold pieces
 14150 | D:10     | Entered Level 10 of the Dungeon
 14156 | D:10     | Noticed Erica
 14191 | D:10     | Killed Erica
 14470 | D:10     | Reached skill level 9 in Fighting
 14619 | D:10     | Noticed a death yak
 14621 | D:10     | Noticed a death yak
 14623 | D:10     | Noticed a death yak
 15162 | D:9      | Reached XP level 11. HP: 93/97 MP: 11/11
 15383 | D:10     | Found a staircase to the Lair.
 15464 | D:10     | Found a sparkling altar of Nemelex Xobeh.
 15552 | D:9      | Killed a death yak
 15784 | D:10     | Noticed a white ugly thing
 15966 | D:9      | Mangled by a white ugly thing

Illustrated notes

Levels and vault maps discovered:
D:1:      dpeg_arrival_orchard, layout_loops_corners,
          ebering_ecumenical_altar_rust, minmay_hexomino_c4
D:2:      layout_loops_corners, kennysheep_doodads, kennysheep_generic_room_10
D:3:      layout_loops_cross, gup_sewer_entry_pipe, mrwooster_statue_mirror
D:4:      layout_gridville
D:5:      layout_gridville, minmay_temple_entry_fiery
D:6:      layout_gridville, uniq_prince_ribbit1
D:7:      layout_basic, nicolae_figureground_pulse
D:8:      layout_gridville, enter_ossuary_2
D:9:      layout_irregular_city, ashenzari_conservatory_becter, serial_shops,
          nicolae_shop_crystal, grunt_ministairs_14
D:10:     layout_basic, nemelex_spade_bored_becter, dpeg_lair_monsters,
          erik_orc_1, st_stairs_12, uniq_erica
Temple:   mainiacjoe_temple_big_plus

Skill      XL: |  1  2  3  4  5  6  7  8  9 10 11 |
---------------+----------------------------------+-----
Dodging        | 3 4 5 6 7 8 |  8.0
Fighting       | 4 5 6 7 8 9 |  9.6
Long Blades    | 3 4 5 7 8 |  8.4
Shields        | 4 5 6 7 8 |  8.8
Evocations     | 2 4 6 |  6.4

Action                   |  1- 3 |  4- 6 |  7- 9 | 10-12 || total
-------------------------+-------+-------+-------+-------++-------
Melee: Long sword        |   112 |    24 |   109 |       ||   245
       Tailslap          |     8 |    21 |    90 |    55 ||   174
       Spear             |    10 |   137 |   370 |    78 ||   595
       Scimitar          |       |       |   210 |   263 ||   473
Invok: Sacrifice Arcana  |       |       |     1 |       ||     1
       Sacrifice Love    |       |       |     1 |       ||     1
       Draw Out Power    |       |       |       |     3 ||     3
       Reject Sacrifices |       |       |       |     1 ||     1
  Use: Scroll            |       |       |    14 |     5 ||    19
       Potion            |       |       |     2 |     1 ||     3
 Stab: Sleeping          |       |     1 |     5 |       ||     6
       Distracted        |       |       |     1 |     2 ||     3
       Invisible         |       |       |       |     1 ||     1
Armor: Skin              |    48 |    55 |   199 |    88 ||   390
Dodge: Dodged            |    69 |    87 |   414 |   224 ||   794
Block: Buckler           |    23 |    29 |   147 |   140 ||   339

Table legend: (Time is in decaauts)
 A = Elapsed time spent in this place.
 B = Non-inter-level travel time spent in this place.
 C = Inter-level travel time spent in this place.
 D = Time resting spent in this place.
 E = Time spent auto-exploring this place.
 F = Levels seen in this place.
 G = Mean time per level.
                   A        B        C        D        E       F      G
               +--------+--------+--------+--------+--------+-----+--------+
         Total |  16205 |  15916 |    289 |   3267 |   9047 |  13 | 1246.5 |
       Dungeon |  15086 |  14824 |    262 |   3256 |   8322 |  10 | 1508.6 |
        Temple |    466 |    439 |     27 |      0 |    412 |   1 |  466.0 |
         Sewer |    239 |    239 |      0 |      0 |    140 |   1 |  239.0 |
       Ossuary |    411 |    411 |      0 |     11 |    172 |   1 |  411.0 |
               +--------+--------+--------+--------+--------+-----+--------+

Top non-repeatable levels by time:
     D:9: 3066 daAuts
     D:6: 2315 daAuts
     D:7: 1823 daAuts
     D:5: 1787 daAuts
     D:3: 1536 daAuts
     D:1: 1228 daAuts
     D:2: 1097 daAuts
     D:8: 892 daAuts
    D:10: 672 daAuts
     D:4: 665 daAuts
  Temple: 466 daAuts
 Ossuary: 411 daAuts
   Sewer: 239 daAuts
